 Dungeon Crawl Stone Soup version 0.28.0-47-ge53b351184 (webtiles) character file.

Game seed: 853728007798566442

10023 urbino23 the Grappler (level 11, 0/111 HPs)
             Began as a Troll Monk on May 6, 2022.
             Was a High Priest of Okawaru.
             Slain by a yak (12 damage)
             ... on level 2 of the Lair of Beasts.
             The game lasted 00:34:26 (8429 turns).

urbino23 the Grappler (Troll Monk)                  Turns: 8429, Time: 00:34:26

Health: 0/111      AC:  6    Str: 25    XL:     11   Next: 30%
Magic:  13/15      EV: 17    Int:  6    God:    Okawaru [*****.]
Gold:   417        SH:  0    Dex: 12    Spells: 10/10 levels left

rFire   . . .      SeeInvis .     - Unarmed
rCold   . . .      Faith    .   (no shield)
rNeg    . . .      Spirit   .   N - +2 robe "Nosyps" {rElec}
rPois   .          Reflect  .   (helmet restricted)
rElec   +          Harm     .   p - scarf {shadows}
rCorr   .          Rampage  .   (gloves unavailable)
Will    .....                   (boots unavailable)
Stlth   +++.......              (no amulet)
HPRegen 1.08/turn               b - +4 ring of evasion
MPRegen 0.14/turn               (no ring)

@: heroic, studying Earth Magic
A: large, unfitting armour, claws 3, regeneration 1, shaggy fur 1, tough skin 1
a: Renounce Religion, Heroism, Finesse, Duel


You were on level 2 of the Lair of Beasts.
You worshipped Okawaru.
Okawaru was extremely pleased with you.
You visited 3 branches of the dungeon, and saw 13 of its levels.

You collected 499 gold pieces.
You spent 82 gold pieces at shops.

Inventory:

Missiles
 a - 254 stones
 c - 17 poisoned darts (quivered)
 y - 2 curare-tipped darts
 E - 4 throwing nets
 F - 10 boomerangs
Armour
 p - a scarf of shadows (worn)
 K - a +1 cloak
 N - the +2 robe "Nosyps" (worn) {rElec}
   (Okawaru gifted it to you on level 10 of the Dungeon)

   rElec:     It insulates you from electricity.
Jewellery
 b - a +4 ring of evasion (left claw)
 u - a ring of protection from cold
 v - a ring of positive energy
 P - a ring of flight
Wands
 n - a wand of paralysis (5)
 r - a wand of digging (6)
 s - a wand of polymorph (10)
 C - a wand of mindburst (14)
 D - a wand of iceblast (3)
 I - a wand of flame (10)
Scrolls
 o - 7 scrolls of teleportation
 t - a scroll of blinking
 B - 2 scrolls of immolation
Potions
 f - 2 potions of brilliance
 j - 3 potions of might {unknown}
 m - 4 potions of resistance
 q - a potion of berserk rage {unknown}
 z - a potion of degeneration {unknown}
 A - a potion of magic {unknown}
 G - 2 potions of cancellation {unknown}
 H - 2 potions of curing
 L - 2 potions of ambrosia {unknown}
 M - a potion of invisibility {unknown}


   Skills:
 - Level 8.0(13.0) Fighting
 + Level 5.3(10.3) Throwing
 - Level 5.0(10.0) Dodging
 - Level 1.0(6.0) Stealth
 - Level 11.0(16.0) Unarmed Combat
 + Level 7.3 Invocations


You had 10 spell levels left.
You didn't know any spells.
Your spell library contained the following spells:

 Spells                   Type           Power      Damage    Failure   Level
 Ignite Poison            Fire/Tmut/Pois 0%         N/A       83%         3
 Mephitic Cloud           Conj/Pois/Air  0%         N/A       83%         3
 Freezing Cloud           Conj/Ice/Air   0%         6-21      100%        5


Dungeon Overview and Level Annotations

Branches:
Dungeon (10/15)            Temple (1/1) D:4            Lair (1/6) D:10
    Orc (0/2) D:9

Altars:
Ashenzari
Cheibriados
Dithmenos
Elyvilon
Fedhas
Gozag
Hepliaklqana
Kikubaaqudgha
Makhleb
Nemelex Xobeh
Okawaru
Qazlal
Ru
Sif Muna
Trog
Uskayaw
Vehumet
Wu Jian
Xom
Yredelemnul
Zin
The Shining One

Shops:
D:10 ?

Annotations:
D:9 exclusion: obsidian statue


Innate Abilities, Weirdness & Mutations

You are too large for most types of armour.
You have claws for hands.
Your natural rate of healing is unusually fast.
You are covered in fur. (AC +1)
You have tough skin. (AC +1)


Message History

The wolf bites you but does no damage.
A yak comes into view.
The wyvern bites you! The yak gores you! The basilisk bites you.
The yak gores you! The wolf bites you but does no damage.
The wyvern bites you but does no damage.
The wolf bites you. The yak gores you! The basilisk bites you.
The yak gores you but does no damage.
A yak comes into view.
The wyvern bites you! The wolf bites you but does no damage.
The yak bellows!
The wolf bites you. The wyvern bites you! The yak gores you.
The basilisk gazes at you. You resist with some effort. The yak gores you.
A yak comes into view.
You turn to flesh and can move again.
You gain the combat prowess of a mighty hero.
The wolf barely misses you. The wyvern bites you! The yak misses you.
The basilisk closely misses you. The yak closely misses you. The yak gores you!
* * * LOW HITPOINT WARNING * * *
The wyvern bites you.
* * * LOW HITPOINT WARNING * * *
You feel much better. The wolf bites you but does no damage.
The wolf misses you. The wyvern bites you!
* * * LOW HITPOINT WARNING * * *
The yak barely misses you. The basilisk closely misses you. The yak gores you!
* * * LOW HITPOINT WARNING * * *
The yak gores you.
* * * LOW HITPOINT WARNING * * *
The wolf bites you.
* * * LOW HITPOINT WARNING * * *
The wolf closely misses you.
You feel much better. The wyvern misses you.
The wolf bites you but does no damage. The wolf bites you.
* * * LOW HITPOINT WARNING * * *
The yak gores you!
* * * LOW HITPOINT WARNING * * *
The basilisk closely misses you. The yak gores you!
* * * LOW HITPOINT WARNING * * *
The yak gores you!
You die...

.8/.##.####.#
............#..
..............##
.8.<.8.Y8...#..#
.....Y..Y.....#
......YYY....#
#..8.Y#lY.#
#..hY@h###
#.#..Yhl....#
##...8.....#
##......#.#
##.......#
##.......
########


You could see 9 yaks, a basilisk, a wyvern and 3 wolves.

Vanquished Creatures
  Harold (D:8)
  2 two-headed ogres
  Erica (D:8)
  Maurice (D:9)
  The ghost of mitchisshort the Covered, a novice FoFi of Fedhas (D:5)
  Psyche (D:8)
  A troll (D:10)
  Prince Ribbit (D:7)
  Sigmund (D:2)
  7 yaks
  2 wyverns (D:10)
  2 basilisks (D:10)
  Edmund (D:6)
  6 wargs
  A water moccasin (D:6)
  6 orc warriors
  Pargi (D:3)
  A sky beast (D:5)
  An ice beast (D:3)
  A necrophage (D:5)
  2 ogres
  4 centaurs
  2 kobold brigands
  5 scorpions
  2 bullfrogs
  3 killer bees (D:9)
  4 wights (D:8)
  2 howler monkeys (D:8)
  2 electric eels (D:10)
  5 centaur zombies
  A hound (D:5)
  A jelly (D:6)
  A centaur skeleton (D:4)
  5 orc priests
  An iguana (D:5)
  10 orc wizards
  Ijyb (D:3)
  Natasha (thrice) (D:2)
  A howler monkey zombie (D:7)
  Robin (D:3)
  4 adders
  3 gnolls (D:4)
  A shadow imp (D:7)
  3 ufetubi (D:5)
  2 dart slugs
  23 orcs
  7 ball pythons
  4 endoplasms
  5 giant cockroaches
  11 goblins
  7 hobgoblins
  4 jackals (D:5)
  4 quokkas
  3 frilled lizards (D:1)
  22 kobolds
  5 rats
  A spectral orc (D:3)
204 creatures vanquished.

Vanquished Creatures (others)
  An orc wizard (D:10)
  3 plants
4 creatures vanquished.

Grand Total: 208 creatures vanquished

Notes
Turn   | Place    | Note
-------+----------+-------------------------------------------
     0 | D:1      | urbino23 the Troll Monk began the quest for the Orb.
     0 | D:1      | Reached XP level 1. HP: 22/22 MP: 0/0
   157 | D:1      | Reached XP level 2. HP: 29/29 MP: 1/1
  1049 | D:2      | Noticed Natasha
  1063 | D:2      | Killed Natasha
  1064 | D:2      | Reached XP level 3. HP: 18/37 MP: 2/2
  1161 | D:2      | Reached skill level 4 in Unarmed Combat
  1268 | D:2      | Noticed Sigmund
  1282 | D:2      | Killed Sigmund
  1283 | D:2      | Reached skill level 5 in Unarmed Combat
  1283 | D:2      | Reached XP level 4. HP: 18/48 MP: 3/3
  1283 | D:2      | Reached XP level 5. HP: 21/54 MP: 4/4
  1429 | D:2      | Noticed Natasha
  1431 | D:2      | Found a faded altar of an unknown god.
  1437 | D:2      | Killed Natasha
  1520 | D:2      | Noticed Natasha
  1525 | D:2      | Killed Natasha
  1526 | D:2      | Reached XP level 6. HP: 63/63 MP: 5/5
  1785 | D:3      | Noticed Pargi
  1805 | D:3      | Noticed an ice beast
  1808 | D:3      | Killed Pargi
  1817 | D:3      | Killed an ice beast
  1844 | D:3      | Found a shimmering altar of Xom.
  1845 | D:3      | Found a shimmering altar of Xom.
  1846 | D:3      | Found a shimmering altar of Xom.
  1849 | D:3      | Found a shimmering altar of Xom.
  1902 | D:3      | Noticed Ijyb
  1909 | D:3      | Killed Ijyb
  1910 | D:3      | Reached skill level 6 in Unarmed Combat
  1968 | D:3      | Noticed Robin
  1997 | D:3      | Reached skill level 5 in Fighting
  1998 | D:3      | Killed Robin
  1999 | D:3      | Reached XP level 7. HP: 63/72 MP: 6/6
  2071 | D:3      | Reached skill level 1 in Throwing
  2091 | D:3      | Found an ancient bone altar of Kikubaaqudgha.
  2253 | D:3      | Found a basalt altar of Yredelemnul.
  2445 | D:4      | Found a white marble altar of Elyvilon.
  2569 | D:4      | Found a glowing silver altar of Zin.
  2621 | D:4      | Found a staircase to the Ecumenical Temple.
  2639 | Temple   | Entered the Ecumenical Temple
  2762 | Temple   | Became a worshipper of Warmaster Okawaru
  2762 | Temple   | Reached * piety under Okawaru
  2762 | Temple   | Reached ** piety under Okawaru
  2902 | D:4      | Reached skill level 1 in Invocations
  3109 | D:5      | Entered Level 5 of the Dungeon
  3245 | D:5      | Reached XP level 8. HP: 80/80 MP: 7/9
  3432 | D:5      | Found a runed translucent door.
  3432 | D:5      | Noticed mitchisshort's ghost (novice FoFi)
  3747 | D:5      | Killed mitchisshort's ghost
  3748 | D:5      | Reached skill level 5 in Throwing
  3834 | D:6      | Noticed Edmund
  3848 | D:6      | Killed Edmund
  3848 | D:6      | Reached *** piety under Okawaru
  4098 | D:6      | Reached XP level 9. HP: 46/88 MP: 11/11
  4265 | D:6      | Found a hazy altar of Hepliaklqana.
  4846 | D:7      | Noticed Prince Ribbit
  4853 | D:7      | Killed Prince Ribbit
  4854 | D:7      | Reached skill level 5 in Dodging
  4912 | D:8      | Noticed Erica
  4924 | D:8      | Killed Erica
  4925 | D:8      | Reached skill level 7 in Unarmed Combat
  4942 | D:8      | Noticed a two-headed ogre
  4956 | D:8      | Killed a two-headed ogre
  4956 | D:8      | Reached **** piety under Okawaru
  4957 | D:8      | Reached skill level 8 in Unarmed Combat
  5039 | D:8      | HP: 1/93 [orc warrior/+0 halberd (15)]
  5046 | D:8      | Reached XP level 10. HP: 40/102 MP: 12/12
  5100 | D:8      | Noticed Psyche
  5124 | D:8      | Killed Psyche
  5223 | D:8      | Noticed Harold
  5235 | D:8      | Killed Harold
  5236 | D:8      | Reached skill level 9 in Unarmed Combat
  5705 | D:9      | Found a shimmering blue altar of Sif Muna.
  5740 | D:9      | Found a broken altar of Ashenzari.
  5805 | D:9      | Noticed an obsidian statue
  5806 | D:9      | Noticed a sun demon
  5806 | D:9      | Noticed an orange demon
  5944 | D:9      | Received a gift from Okawaru
  6095 | D:9      | Found a staircase to the Orcish Mines.
  6584 | D:9      | Noticed a two-headed ogre
  6593 | D:9      | Killed a two-headed ogre
  6594 | D:9      | Reached skill level 5 in Invocations
  6679 | D:9      | Noticed Maurice
  6691 | D:9      | Killed Maurice
  6692 | D:9      | Reached skill level 10 in Unarmed Combat
  7086 | D:10     | Entered Level 10 of the Dungeon
  7149 | D:10     | Found a snail-covered altar of Cheibriados.
  7306 | D:10     | Found Uthiec's Magic Scroll Shop.
  7436 | D:10     | Bought a scroll of immolation for 52 gold pieces
  7436 | D:10     | Bought a scroll of identify for 30 gold pieces
  7573 | D:10     | Reached XP level 11. HP: 111/111 MP: 14/14
  7577 | D:10     | Reached ***** piety under Okawaru
  7617 | D:10     | Found a staircase to the Lair.
  7768 | D:10     | Identified the +2 robe "Nosyps" {rElec} (Okawaru gifted it
                  | to you on level 10 of the Dungeon)
  7768 | D:10     | Received a gift from Okawaru
  7937 | D:10     | Reached skill level 11 in Unarmed Combat
  8361 | Lair:1   | Entered Level 1 of the Lair of Beasts
  8416 | Lair:1   | You fall into a shaft and drop 1 floor!
  8429 | Lair:2   | Slain by a yak

Illustrated notes

Levels and vault maps discovered:
D:1:      kennysheep_arrival_seaside, layout_rooms
D:2:      layout_loops_corners, ebering_ecumenical_altar_box,
          minmay_misc_feat_roman, uniq_natasha, uniq_sigmund
D:3:      layout_rooms, kiku_gazebo_pond_becter,
          yredelemnul_forgotten_temple_becter, xom_redecorated, uniq_pargi,
          uniq_ijyb, uniq_robin
D:4:      layout_cave_pools, elyvilon_altar_1, marbit_many_paths,
          minmay_temple_entry_water_ring
D:5:      layout_rooms, hellmonk_ghost_happy_afterlife, minmay_manual_mess
D:6:      layout_cave_pods, mainiacjoe_overflow_concentric_impassable,
          hangedman_decor_lopped, uniq_edmund
D:7:      layout_basic, grunt_ministairs_8, glass_columns_b, uniq_maggie,
          uniq_prince_ribbit1
D:8:      layout_rooms, minmay_crossroads, uniq_harold, uniq_psyche, uniq_erica
D:9:      layout_gridville, nicolae_overflow_crystal_walls,
          mainiacjoe_overflow_brackets, david_orc_3, minivault_16, uniq_maurice
D:10:     layout_long_grid, lemuel_crystal_altar, david_lair_generic,
          serial_shops, nicolae_inconvenience_store, nooodl_orcs_dogs
Temple:   dshaligram_water_room_temple
Lair:1:   layout_concentric_octagons, gammafunk_ghost_split
Lair:2:   layout_roguey, skrybe_swamp_entry_bodies, grunt_megastairs_3,
          uniq_gastronok

Skill      XL: |  1  2  3  4  5  6  7  8  9 10 11 |
---------------+----------------------------------+-----
Fighting       | 3 4 5 7 8 |  8.0
Unarmed Combat | 5 6 8 10 11 | 11.0
Throwing       | 3 5 |  5.3
Invocations    | 2 4 6 7 |  7.3
Dodging        | 4 5 |  5.0
Stealth        | |  1.0

Action                   |  1- 3 |  4- 6 |  7- 9 | 10-12 || total
-------------------------+-------+-------+-------+-------++-------
Melee: Unarmed           |    89 |    63 |   255 |   239 ||   646
       Punch             |     2 |     2 |     9 |    14 ||    27
Throw: Dart              |     5 |     4 |    33 |    21 ||    63
       Boomerang         |       |       |       |    10 ||    10
Invok: Heroism           |       |       |     5 |     7 ||    12
  Use: Scroll            |       |       |     7 |     6 ||    13
       Potion            |       |       |     2 |     3 ||     5
 Stab: Sleeping          |     1 |       |       |       ||     1
Armor: Robe              |    19 |    13 |    41 |    56 ||   129
Dodge: Dodged            |    32 |    23 |   179 |   178 ||   412
